 Dungeon Crawl Stone Soup version 0.13-a0-2496-g11650dd (webtiles) character file.

1498 Rycklaryybbe the Covert (level 8, -10/36 HPs)
             Began as a Spriggan Enchanter on July 22, 2013.
             Was an Initiate of Kikubaaqudgha.
             Mangled by an orc warrior
             ... wielding a +1,+2 orcish great mace
              (31 damage)
             ... on Level 6 of the Dungeon.
             The game lasted 00:32:21 (7180 turns).

Rycklaryybbe the Covert (Spriggan Enchanter)        Turns: 7180, Time: 00:32:21

HP -10/36        AC  4     Str  6      XL: 8   Next: 16%
MP  12/25        EV 18     Int 17      God: Kikubaaqudgha [......]
Gold 341         SH  0     Dex 16      Spells:  4 memorised, 13 levels left

Res.Fire  : . . .   See Invis. : +   a - +1,+0 dagger {=f}
Res.Cold  : . . .   Warding    : .   b - +1 robe
Life Prot.: . . .   Conserve   : .   (shield restricted)
Res.Poison: .       Res.Corr.  : .   (helmet restricted)
Res.Elec. : .       Clarity    : .   Q - +0 cloak
Sust.Abil.: . .     Spirit.Shd : .   (gloves unavailable)
Res.Mut.  : .       Stasis     : .   (boots unavailable)
Res.Rott. : .       Flight     : .   (no amulet)
Saprovore : . . .                    (no ring)
                                     (no ring)

@: bonded with blade, very quick, somewhat resistant to hostile enchantments,
extremely stealthy
A: unfitting armour, see invisible, herbivore 3, speed 3, slow metabolism 2
a: Renounce Religion


You were on level 6 of the Dungeon.
You worshipped Kikubaaqudgha.
Kikubaaqudgha was pleased with you.
You were full.

You visited 2 branches of the dungeon, and saw 7 of its levels.

You collected 321 gold pieces.

Inventory:

Hand weapons
 a - a +1,+0 dagger (weapon) {=f}
 r - a +0 blowgun
Missiles
 d - 10 darts (quivered)
 f - 16 darts of flame
 g - 3 silver darts
 y - 10 poisoned needles
 F - 2 exploding darts
 P - 2 darts of frost
Armour
 b - a +1 robe (worn)
 Q - a +0 cloak (worn)
Comestibles
 n - a choko
 p - 2 apples
 G - 2 bread rations
Scrolls
 h - 6 scrolls of identify
 k - 4 scrolls of remove curse {unknown}
 m - 3 scrolls of fog {unknown}
 o - 2 scrolls of amnesia {unknown}
 q - 2 scrolls of curse armour {unknown}
 s - a scroll of enchant armour {unknown}
 v - 2 scrolls of blinking {unknown}
 w - 4 scrolls of curse jewellery {unknown}
 z - 2 scrolls of noise {unknown}
 B - a scroll of random uselessness {unknown}
 C - a scroll of recharging {unknown}
 E - 2 scrolls of teleportation {unknown}
 N - a scroll of fear {unknown}
 O - a scroll of summoning {unknown}
Potions
 e - a potion of might {unknown}
 i - 2 potions of confusion {unknown}
 j - a potion of mutation {unknown}
 l - 2 potions of degeneration {unknown}
 t - a potion of poison {unknown}
 u - 2 potions of curing {unknown}
 x - a potion of speed {unknown}
 A - a potion of agility {unknown}
 D - a potion of invisibility {unknown}
 H - a potion of flight {unknown}
 I - 3 potions of heal wounds {unknown}
 J - a potion of brilliance {unknown}
 L - a potion of restore abilities {unknown}
 M - a potion of cure mutation {unknown}
Books
 c - a book of Maledictions

   Spells                             Type                      Level
   *Corona                            Hexes                        1
   *Sure Blade                        Hexes/Charms                 2
   *Ensorcelled Hibernation           Hexes/Ice                    2
   *Confuse                           Hexes                        3
   Enslavement                        Hexes                        4
   Invisibility                       Hexes                        6
Magical staves
 R - an uncursed staff of earth


   Skills:
 - Level 1.1 Short Blades
 - Level 1.1 Throwing
 - Level 3.0 Dodging
 + Level 10.0 Stealth
 - Level 7.2 Spellcasting
 - Level 6.5 Hexes


You had 13 spell levels left.
You knew the following spells:

 Your Spells              Type           Power        Failure   Level  Hunger
a - Corona                Hex            ####...      1%          1    None
b - Ensorcelled Hibernat  Hex/Ice        ###...       4%          2    None
c - Confuse               Hex            ####....     2%          3    ##.....
d - Sure Blade            Hex/Chrm       ###.......   4%          2    None


Dungeon Overview and Level Annotations

Branches:
Dungeon (6/27)             Temple (1/1) D:5
    Orc: D:6-11

Altars:
Ashenzari
Cheibriados
Elyvilon
Fedhas
Kikubaaqudgha
Makhleb
Okawaru
Sif Muna
Trog
Xom
Yredelemnul
Zin
the Shining One

Annotations
D:6 Edmund, Menkaure


Innate Abilities, Weirdness & Mutations

You are tiny and cannot use many weapons and most armour.
You have supernaturally acute eyesight.
You are a herbivore.
You cover ground extremely quickly.
You need consume almost no food.


Message History

Confirm with . or Enter, or press ? or * to list all spells.
Aiming: Corona
Press: ? - help, Shift-Dir - straight line, f/p - orc warrior
Aim: an orc warrior, wielding an orcish great mace and wearing an orcish plate armour (almost dead)
The orc warrior is outlined in light.
You hit the orc warrior but do no damage.
The orc warrior is almost dead.
The orc warrior hits you with an orcish great mace.
Casting: Corona
Confirm with . or Enter, or press ? or * to list all spells.
Aiming: Ensorcelled Hibernation
Press: ? - help, Shift-Dir - straight line, f/p - orc warrior
Aim: an orc warrior, wielding an orcish great mace and wearing an orcish plate armour (almost dead, softly glowing)
The orc warrior resists.
You hit the orc warrior but do no damage.
The orc warrior is almost dead.
The orc warrior hits you with an orcish great mace!
Ouch! That really hurt!
You die...
Kikubaaqudgha rasps: "You have failed me!
Welcome... death!"

#...# .................#.##
.#
#######......))..)..###..##
.#
##....##.......#.)).#.##...#
.# '....
#....#.###...#####..## .#
#.... #.....####..##
##)...## .# #...#
#....#..##### ♣♣fff.♣♣ .#
#..###.....(#.# ♣♣♣.f.♣♣ .#
#..##.......#.. ♣♣♣♣.♣♣♣ .#
##o.##....o@## ## ♣♣♣♣.♣♣ .#
##..###......# ♣♣♣.♣♣♣
.####..####.....## ♣♣♣.♣♣♣
..%....)(%....### ♣♣.♣♣♣
...#.#.()#####.# ##.##♣
....#..((# .# #...#
.#...##(.####### #...#
"#.######....# #)).# #...#
#%#### #####


You could see an orc warrior.

Vanquished Creatures
  An ogre (D:5)
  The ghost of Maxxillo the Ruffian, an average NaTm (D:4)
  2 phantoms
  A centaur (D:5)
  Blork the orc (D:5)
  A quasit (D:6)
  3 crimson imps
  Crazy Yiuf (D:6)
  3 hounds (D:4)
  2 scorpions
  A worker ant (D:4)
  Ijyb (D:3)
  2 jellies (D:6)
  8 gnolls (D:4)
  10 adders
  A worm zombie (D:4)
  3 worms
  An adder skeleton (D:5)
  A giant eyeball (D:6)
  3 giant geckos
  An ooze (D:1)
  13 orcs
  6 bats
  6 giant cockroaches
  12 hobgoblins
  A jackal (D:1)
  12 kobolds
  3 quokkas
  3 ball pythons
  7 giant newts
  19 goblins
  10 rats
  A fungus (D:6)
141 creatures vanquished.

Notes
Turn   | Place    | Note
--------------------------------------------------------------
     0 | D:1      | Rycklaryybbe, the Spriggan Enchanter, began the quest for the Orb.
     0 | D:1      | Reached XP level 1. HP: 9/9 MP: 4/4
   210 | D:1      | Reached skill level 4 in Stealth
   270 | D:1      | Reached XP level 2. HP: 11/13 MP: 3/6
   274 | D:1      | Learned a level 2 spell: Ensorcelled Hibernation
   896 | D:2      | Found a glowing silver altar of Zin.
   922 | D:2      | Reached skill level 5 in Stealth
  1039 | D:2      | Reached XP level 3. HP: 16/16 MP: 5/9
  1490 | D:3      | Noticed Ijyb
  1534 | D:3      | Killed Ijyb
  1605 | D:3      | Reached XP level 4. HP: 9/21 MP: 9/13
  2313 | D:4      | Noticed a phantom
  2314 | D:4      | Noticed Maxxillo's ghost (average NaTm)
  2333 | D:3      | Learned a level 3 spell: Confuse
  2545 | D:4      | Reached XP level 5. HP: 22/24 MP: 7/17
  2675 | D:4      | Reached skill level 6 in Stealth
  2813 | D:4      | Reached skill level 5 in Spellcasting
  3060 | D:4      | Reached skill level 7 in Stealth
  3162 | D:4      | Killed Maxxillo's ghost
  3162 | D:4      | Reached skill level 8 in Stealth
  3162 | D:4      | Reached XP level 6. HP: 25/28 MP: 0/20
  3659 | D:4      | Killed a phantom
  3659 | D:4      | Reached skill level 9 in Stealth
  4043 | D:4      | Noticed a moth of wrath
  4046 | D:4      | Found a bloodstained altar of Trog.
  4058 | D:4      | Reached XP level 7. HP: 26/32 MP: 17/22
  4442 | D:5      | Entered Level 5 of the Dungeon
  4852 | D:5      | Found a staircase to the Ecumenical Temple.
  4859 | Temple   | Entered the Ecumenical Temple
  5234 | D:5      | Found a burning altar of Makhleb.
  5515 | D:5      | Reached skill level 5 in Hexes
  5558 | D:5      | Noticed Blork the orc
  5562 | D:5      | Killed Blork the orc
  5798 | D:5      | Found a white marble altar of Elyvilon.
  6131 | D:6      | Found an ancient bone altar of Kikubaaqudgha.
  6141 | D:6      | Became a worshipper of Kikubaaqudgha
  6352 | D:6      | Reached XP level 8. HP: 32/36 MP: 19/25
  6356 | D:6      | Learned a level 2 spell: Sure Blade
  6358 | D:6      | Noticed Menkaure
  6513 | D:6      | Noticed Crazy Yiuf
  6521 | D:6      | Killed Crazy Yiuf
  6798 | D:6      | Noticed Edmund
  6988 | D:6      | Reached skill level 10 in Stealth
  7180 | D:6      | Mangled by an orc warrior

Action                   |  1- 3 |  4- 6 |  7- 9 || total
-------------------------+-------+-------+-------++-------
Melee: Dagger            |    89 |   155 |   201 ||   445
       Staff             |       |       |     4 ||     4
 Fire: Blowgun           |       |       |     2 ||     2
Throw: Dart              |    15 |    29 |    11 ||    55
 Cast: Corona            |    14 |     4 |     5 ||    23
       Ensorcelled Hiber |     6 |    30 |    68 ||   104
       Confuse           |       |    17 |    13 ||    30
       Sure Blade        |       |       |     7 ||     7
  Use: Potion            |       |     1 |     1 ||     2
       Scroll            |       |       |     1 ||     1
 Stab: Sleeping          |    12 |    30 |    37 ||    79
       Confused          |       |     5 |     4 ||     9
       Distracted        |       |     1 |       ||     1
